TOP OF THE 1ST |
Hudson Valley Renegades batting - Pitching for Minnesota (NYP) Twins : LHP Josh Armstrong
|
Pitching: LHP Josh Armstrong
|
|
Batting: LHB Mark Marvin
|
0-0: Ball 1-0: Ground out 4-3 (Groundball, 4, EV 101.9 MPH)
|
Batting: RHB Jesse Haddad
|
0-0: Ball 1-0: Foul Ball, location: 2F 1-1: Swinging Strike 1-2: Foul Ball, location: 2F 1-2: Ground out 4-3 (Groundball, 4, EV 88.8 MPH)
|
Batting: SHB Suljo Dokic
|
0-0: Ball 1-0: Ground out 4-3 (Groundball, 4MD, EV 102.5 MPH)
|
Top of the 1st over - 0 runs, 0 hits, 0 errors, 0 left on base; Hudson Valley 0 - Minnesota (NYP) 0 |
BOTTOM OF THE 1ST |
Minnesota (NYP) Twins batting - Pitching for Hudson Valley Renegades : RHP Kyle Thomas
|
Pitching: RHP Kyle Thomas
|
|
Batting: LHB Chris Munguia
|
0-0: Ground out 4-3 (Groundball, 4, EV 92.5 MPH)
|
Batting: RHB Michael McDonald
|
0-0: Called Strike 0-1: Swinging Strike 0-2: Ball 1-2: Ball 2-2: Foul Ball, location: 2F 2-2: Ball 3-2: Foul Ball, location: 2F 3-2: Fly out, F9 (Line Drive, 9D, EV 91.9 MPH)
|
Batting: RHB Miguel Diaz
|
0-0: Foul Ball, location: 2F 0-1: Swinging Strike 0-2: Ball 1-2: Foul Ball, location: 2F 1-2: Strikes out swinging
|
Bottom of the 1st over - 0 runs, 0 hits, 0 errors, 0 left on base; Hudson Valley 0 - Minnesota (NYP) 0 |
TOP OF THE 2ND |
Hudson Valley Renegades batting - Pitching for Minnesota (NYP) Twins : LHP Josh Armstrong
|
Batting: RHB Mark Richert
|
0-0: Ball 1-0: Ball 2-0: SINGLE (Groundball, 4D, EV 93.8 MPH)
|
Batting: RHB Chris Glavin
|
0-0: Ball 1-0: Foul Ball, location: 2F 1-1: Ball 2-1: Fielders Choice at 2nd, 6-4 (Groundball, 6, EV 86.9 MPH)
|
Batting: LHB Killian Chaumont
|
0-0: Ball 1-0: Called Strike 1-1: Called Strike 1-2: Foul Ball, location: 2F 1-2: Ball 2-2: Fly out, F6 (Popup, 6D, EV 68.1 MPH)
|
Batting: RHB Orlando Herrera
|
0-0: Ball 1-0: Ball Chris Glavin is caught stealing 2nd base 2-4
|
Top of the 2nd over - 0 runs, 1 hit, 0 errors, 0 left on base; Hudson Valley 0 - Minnesota (NYP) 0 |
BOTTOM OF THE 2ND |
Minnesota (NYP) Twins batting - Pitching for Hudson Valley Renegades : RHP Kyle Thomas
|
Batting: RHB Sean Gould
|
0-0: Called Strike 0-1: Called Strike 0-2: Ball 1-2: Ball 2-2: Foul Ball, location: 2F 2-2: Strikes out swinging, 2-3 out at first.
|
Batting: LHB Seung-jun Chang
|
0-0: Swinging Strike 0-1: Ball 1-1: Foul Ball, location: 2F 1-2: Strikes out swinging
|
Batting: RHB Manuel Juarez
|
0-0: Called Strike 0-1: SINGLE (Groundball, 56D, EV 111.3 MPH)
|
Batting: RHB Gustavo Pacheco
|
0-0: Ball 1-0: Fielders Choice at 2nd, 5-4 (Groundball, 56, EV 110.6 MPH)
|
Bottom of the 2nd over - 0 runs, 1 hit, 0 errors, 1 left on base; Hudson Valley 0 - Minnesota (NYP) 0 |
TOP OF THE 3RD |
Hudson Valley Renegades batting - Pitching for Minnesota (NYP) Twins : LHP Josh Armstrong
|
Batting: RHB Orlando Herrera
|
0-0: Called Strike 0-1: Ball 1-1: Swinging Strike 1-2: Ball 2-2: Ball 3-2: Base on Balls
|
Batting: RHB Jesus Baires
|
0-0: Fielders Choice at 2nd, 6-4 (Groundball, 6S, EV 90.0 MPH)
|
Batting: RHB Jose Bengochea
|
0-0: Called Strike 0-1: Called Strike Jesus Baires steals 2nd base (no throw) 0-2: Foul Ball, location: 2F 0-2: Fly out, F7 (Flyball, 7, EV 83.8 MPH)
|
Batting: LHB Mark Marvin
|
0-0: Ball 1-0: Ball 2-0: Ground out 6-3 (Groundball, 6, EV 90.6 MPH)
|
Top of the 3rd over - 0 runs, 0 hits, 0 errors, 1 left on base; Hudson Valley 0 - Minnesota (NYP) 0 |
BOTTOM OF THE 3RD |
Minnesota (NYP) Twins batting - Pitching for Hudson Valley Renegades : RHP Kyle Thomas
|
Batting: SHB Donell Burney
|
0-0: Called Strike 0-1: Fly out, F8 (Flyball, 8RD, EV 88.8 MPH)
|
Batting: RHB Alex Loaiza
|
0-0: Ground out 6-3 (Groundball, 56, EV 103.1 MPH)
|
Batting: LHB Chris Munguia
|
0-0: Ball 1-0: Foul Ball, location: 2F 1-1: Ball 2-1: Ball 3-1: Ground out 6-3 (Groundball, 6M, EV 105.0 MPH)
|
Bottom of the 3rd over - 0 runs, 0 hits, 0 errors, 0 left on base; Hudson Valley 0 - Minnesota (NYP) 0 |
TOP OF THE 4TH |
Hudson Valley Renegades batting - Pitching for Minnesota (NYP) Twins : LHP Josh Armstrong
|
Batting: RHB Jesse Haddad
|
0-0: Foul Ball, location: 2F 0-1: Ball 1-1: Called Strike 1-2: Foul Ball, location: 2F 1-2: Ground out 1-3 (Groundball, 15S, EV 75.6 MPH)
|
Batting: SHB Suljo Dokic
|
0-0: Foul Ball, location: 2F 0-1: Foul Ball, location: 2F 0-2: Ball 1-2: Strikes out swinging
|
Batting: RHB Mark Richert
|
0-0: Ball 1-0: Ball 2-0: Called Strike 2-1: Foul Ball, location: 2F 2-2: Strikes out looking
|
Top of the 4th over - 0 runs, 0 hits, 0 errors, 0 left on base; Hudson Valley 0 - Minnesota (NYP) 0 |
BOTTOM OF THE 4TH |
Minnesota (NYP) Twins batting - Pitching for Hudson Valley Renegades : RHP Kyle Thomas
|
Batting: RHB Michael McDonald
|
0-0: Ball 1-0: Ball 2-0: Ball 3-0: Called Strike 3-1: Base on Balls
|
Batting: RHB Miguel Diaz
|
0-0: Ball Wild Pitch! Michael McDonald to second 1-0: SINGLE (Line Drive, 8RS, EV 108.8 MPH) Michael McDonald to third
|
Batting: RHB Sean Gould
|
0-0: Foul Ball, location: 2F 0-1: Fielders Choice at 2nd, 4-6 (Groundball, 34, EV 102.5 MPH) Michael McDonald scores
|
Batting: LHB Seung-jun Chang
|
0-0: Foul Ball, location: 2F 0-1: Ball 1-1: Foul Ball, location: 2F 1-2: Strikes out swinging
|
Batting: RHB Manuel Juarez
|
0-0: Ball 1-0: Ball 2-0: Fly out, F9 (Flyball, 9LS, EV 92.5 MPH)
|
Bottom of the 4th over - 1 run, 1 hit, 0 errors, 1 left on base; Hudson Valley 0 - Minnesota (NYP) 1 |
TOP OF THE 5TH |
Hudson Valley Renegades batting - Pitching for Minnesota (NYP) Twins : LHP Josh Armstrong
|
Batting: RHB Chris Glavin
|
0-0: Foul Ball, location: 2F 0-1: Foul Ball, location: 2F 0-2: Ball 1-2: SOLO HOME RUN (Flyball, 7LD, EV 94.4 MPH), Distance : 369 ft
|
Batting: LHB Killian Chaumont
|
0-0: DOUBLE (Flyball, 89D, EV 110.6 MPH)
|
Pinch Runner at 2nd Khalil Walker:
|
|
Batting: RHB Orlando Herrera
|
0-0: Ball 1-0: Foul Ball, location: 2F 1-1: Called Strike 1-2: Ground out 4-3 (Groundball, 13, EV 81.3 MPH) Khalil Walker to third
|
Pitching: RHP Kevin Colgin
|
|
Batting: RHB Jesus Baires
|
0-0: DOUBLE (Flyball, 78D, EV 103.1 MPH) Khalil Walker scores
|
Batting: RHB Jose Bengochea
|
0-0: Swinging Strike 0-1: Ball 1-1: Called Strike 1-2: DOUBLE (Line Drive, 9LM, EV 107.5 MPH) Jesus Baires scores
|
Batting: LHB Mark Marvin
|
0-0: Swinging Strike 0-1: Ball 1-1: Called Strike 1-2: Foul Ball, location: 2F 1-2: Ball 2-2: Foul Ball, location: 2F 2-2: Ball 3-2: TRIPLE (Line Drive, 89XD, EV 105.6 MPH) Jose Bengochea scores
|
Batting: RHB Jesse Haddad
|
0-0: Called Strike 0-1: Ball 1-1: SINGLE (Flyball, 4D, EV 91.9 MPH) Mark Marvin scores
|
Batting: SHB Suljo Dokic
|
0-0: Ball Jesse Haddad is caught stealing 2nd base 2-6 1-0: Foul Ball, location: 2F 1-1: Ball 2-1: DOUBLE (Flyball, 78XD, EV 95.6 MPH)
|
Pitching: RHP Matt Lundy
|
|
Batting: RHB Mark Richert
|
0-0: Ball 1-0: Ball 2-0: Called Strike 2-1: Foul Ball, location: 2F 2-2: Ball 3-2: DOUBLE (Line Drive, 89D, EV 105.0 MPH) Suljo Dokic scores
|
Batting: RHB Chris Glavin
|
0-0: Ball 1-0: Ball 2-0: Called Strike 2-1: Foul Ball, location: 2F 2-2: Foul Ball, location: 2F 2-2: Ball 3-2: DOUBLE (Line Drive, 78D, EV 110.0 MPH) Mark Richert scores
|
Batting: RHB Khalil Walker
|
0-0: Swinging Strike 0-1: SINGLE (Line Drive, 4D, EV 100.0 MPH) Chris Glavin to third
|
Batting: RHB Orlando Herrera
|
0-0: Called Strike 0-1: Foul Ball, location: 2F Pickoff Throw to First - Error! E1 Chris Glavin scores Khalil Walker to second 0-2: Fly out, F7 (Flyball, 78S, EV 80.0 MPH)
|
Top of the 5th over - 8 runs, 10 hits, 1 error, 1 left on base; Hudson Valley 8 - Minnesota (NYP) 1 |
BOTTOM OF THE 5TH |
Minnesota (NYP) Twins batting - Pitching for Hudson Valley Renegades : RHP Kyle Thomas
|
Now in RF: Khalil Walker
|
|
Batting: RHB Gustavo Pacheco
|
0-0: Called Strike 0-1: Foul Ball, location: 2F 0-2: Strikes out looking
|
Batting: SHB Donell Burney
|
0-0: Ball 1-0: Ball 2-0: Ball 3-0: Called Strike 3-1: Ground out 3-1 (Groundball, 34, EV 89.4 MPH)
|
Batting: RHB Alex Loaiza
|
0-0: Ground out U3 (Groundball, 34, EV 110.6 MPH)
|
Bottom of the 5th over - 0 runs, 0 hits, 0 errors, 0 left on base; Hudson Valley 8 - Minnesota (NYP) 1 |
TOP OF THE 6TH |
Hudson Valley Renegades batting - Pitching for Minnesota (NYP) Twins : RHP Matt Lundy
|
Batting: RHB Jesus Baires
|
0-0: Foul Ball, location: 2F 0-1: Ball 1-1: Ground out 4-3 (Groundball, 4MD, EV 102.5 MPH)
|
Batting: RHB Jose Bengochea
|
0-0: Ball 1-0: SINGLE (Groundball, 56S, EV 71.3 MPH) (infield hit)
|
Batting: LHB Mark Marvin
|
0-0: Ball 1-0: Ball 2-0: Called Strike 2-1: Ball 3-1: Base on Balls Jose Bengochea to second
|
Batting: RHB Jesse Haddad
|
0-0: Ball Wild Pitch! Jose Bengochea to third Mark Marvin to second 1-0: Ball 2-0: Called Strike 2-1: Ball 3-1: DOUBLE (Line Drive, 3D, EV 105.0 MPH) Jose Bengochea scores Mark Marvin scores
|
Pinch Runner at 2nd Josif Popovski:
|
|
Batting: SHB Suljo Dokic
|
0-0: Ball 1-0: Ball 2-0: Foul Ball, location: 2F 2-1: Called Strike 2-2: 2-RUN HOME RUN (Flyball, 78XD, EV 115.0 MPH), Distance : 441 ft
|
Pitching: RHP Ruben Torres
|
|
Batting: RHB Mark Richert
|
0-0: Ball 1-0: Called Strike 1-1: Foul Ball, location: 2F 1-2: Foul Ball, location: 2F 1-2: Strikes out swinging
|
Batting: RHB Chris Glavin
|
0-0: Foul Ball, location: 2F 0-1: Ball 1-1: Ground out 2-3 (Groundball, 2L, EV 70.0 MPH)
|
Top of the 6th over - 4 runs, 3 hits, 0 errors, 0 left on base; Hudson Valley 12 - Minnesota (NYP) 1 |
BOTTOM OF THE 6TH |
Minnesota (NYP) Twins batting - Pitching for Hudson Valley Renegades : RHP Kyle Thomas
|
Now at 3B: Chris Glavin
|
|
Now at SS: Josif Popovski
|
|
Now in LF: Mark Marvin
|
|
Now in CF: Jesus Baires
|
|
Batting: LHB Chris Munguia
|
0-0: Ball 1-0: SINGLE (Groundball, 34D, EV 99.4 MPH)
|
Batting: RHB Michael McDonald
|
0-0: Called Strike 0-1: Called Strike 0-2: Ball 1-2: Ball 2-2: Ball 3-2: Strikes out swinging Chris Munguia steals 2nd base (no throw) Batter strikes out.
|
Batting: RHB Miguel Diaz
|
0-0: Ball 1-0: Foul Ball, location: 2F 1-1: Foul Ball, location: 2F 1-2: Ball 2-2: Foul Ball, location: 2F 2-2: Strikes out swinging
|
Batting: RHB Sean Gould
|
0-0: Ball 1-0: Ball 2-0: Called Strike 2-1: Called Strike 2-2: Fly out, F7 (Flyball, 7, EV 91.3 MPH)
|
Bottom of the 6th over - 0 runs, 1 hit, 0 errors, 1 left on base; Hudson Valley 12 - Minnesota (NYP) 1 |
TOP OF THE 7TH |
Hudson Valley Renegades batting - Pitching for Minnesota (NYP) Twins : RHP Ruben Torres
|
Batting: RHB Khalil Walker
|
0-0: Ball 1-0: Swinging Strike 1-1: Ball 2-1: Called Strike 2-2: Strikes out swinging
|
Batting: RHB Orlando Herrera
|
0-0: Called Strike 0-1: Foul Ball, location: 2F 0-2: Ball 1-2: Ball 2-2: Ground out U3 (Groundball, 3, EV 79.4 MPH)
|
Batting: RHB Jesus Baires
|
0-0: Ball 1-0: Ball 2-0: Ball 3-0: Foul Ball, location: 2F 3-1: Base on Balls
|
Batting: RHB Jose Bengochea
|
0-0: Called Strike 0-1: Foul Ball, location: 2F 0-2: Ball 1-2: Strikes out swinging
|
Top of the 7th over - 0 runs, 0 hits, 0 errors, 1 left on base; Hudson Valley 12 - Minnesota (NYP) 1 |
BOTTOM OF THE 7TH |
Minnesota (NYP) Twins batting - Pitching for Hudson Valley Renegades : RHP Kyle Thomas
|
Pinch Hitting: RHB Ben Berger
|
0-0: Fly out, F9 (Flyball, 9, EV 81.3 MPH)
|
Batting: RHB Manuel Juarez
|
0-0: Called Strike 0-1: Swinging Strike 0-2: Ball 1-2: Ball 2-2: Strikes out swinging
|
Batting: RHB Gustavo Pacheco
|
0-0: Called Strike 0-1: Foul Ball, location: 2F 0-2: Ball 1-2: Ball 2-2: Foul Ball, location: 2F 2-2: Ball 3-2: Strikes out looking
|
Bottom of the 7th over - 0 runs, 0 hits, 0 errors, 0 left on base; Hudson Valley 12 - Minnesota (NYP) 1 |
TOP OF THE 8TH |
Hudson Valley Renegades batting - Pitching for Minnesota (NYP) Twins : RHP Ruben Torres
|
Now at 3B: Motohiko Hamasaki
|
|
Batting: LHB Mark Marvin
|
0-0: Ball 1-0: Called Strike 1-1: Ball 2-1: Ground out 5-3 (Groundball, 15, EV 88.8 MPH)
|
Pinch Hitting: SHB Tirta Subandrio
|
0-0: Ball 1-0: Called Strike 1-1: Ball 2-1: Ball 3-1: Base on Balls
|
Batting: SHB Suljo Dokic
|
0-0: Ball 1-0: Ball 2-0: Foul Ball, location: 2F 2-1: Ball 3-1: Called Strike 3-2: Strikes out looking
|
Batting: RHB Mark Richert
|
0-0: Called Strike 0-1: Ground out 1-3 (Groundball, 13S, EV 66.3 MPH)
|
Top of the 8th over - 0 runs, 0 hits, 0 errors, 1 left on base; Hudson Valley 12 - Minnesota (NYP) 1 |
BOTTOM OF THE 8TH |
Minnesota (NYP) Twins batting - Pitching for Hudson Valley Renegades : RHP Kyle Thomas
|
Pitching: RHP Takamori Sugahara
|
|
Now at SS: Tirta Subandrio
|
|
Batting: SHB Donell Burney
|
0-0: Ground out 6-3 (Groundball, P, EV 90.0 MPH)
|
Pinch Hitting: RHB Jose Nunez
|
0-0: Called Strike 0-1: Called Strike 0-2: Strikes out swinging
|
Batting: LHB Chris Munguia
|
0-0: Called Strike 0-1: Ball 1-1: Ball 2-1: Foul Ball, location: 2F 2-2: Strikes out swinging
|
Bottom of the 8th over - 0 runs, 0 hits, 0 errors, 0 left on base; Hudson Valley 12 - Minnesota (NYP) 1 |
TOP OF THE 9TH |
Hudson Valley Renegades batting - Pitching for Minnesota (NYP) Twins : RHP Ruben Torres
|
Pitching: RHP Graham Calvert
|
|
Now in LF: David Nardone
|
|
Batting: RHB Chris Glavin
|
0-0: Ball 1-0: Foul Ball, location: 2F 1-1: Ball 2-1: Ball 3-1: Foul Ball, location: 2F 3-2: Base on Balls
|
Batting: RHB Khalil Walker
|
0-0: Ball 1-0: Ball Wild Pitch! Chris Glavin to second Balk! Chris Glavin to third 2-0: Ball 3-0: Called Strike 3-1: Base on Balls
|
Batting: RHB Orlando Herrera
|
0-0: Ball 1-0: Swinging Strike 1-1: Foul Ball, location: 2F Balk! Chris Glavin scores Khalil Walker to second 1-2: Strikes out swinging
|
Batting: RHB Jesus Baires
|
0-0: Ball 1-0: Ball 2-0: Called Strike 2-1: Fly out, F8 (Line Drive, 8LD, EV 105.0 MPH)
|
Batting: RHB Jose Bengochea
|
0-0: Ball 1-0: Ball 2-0: Ball 3-0: Called Strike 3-1: Called Strike 3-2: Base on Balls
|
Batting: LHB Mark Marvin
|
Balk! Khalil Walker to third Jose Bengochea to second 0-0: Ball Wild Pitch! Khalil Walker scores Jose Bengochea to third 1-0: Called Strike 1-1: Ball 2-1: Ball 3-1: Base on Balls
|
Batting: SHB Tirta Subandrio
|
0-0: Ball 1-0: Fly out, F8 (Flyball, 89D, EV 93.8 MPH)
|
Top of the 9th over - 2 runs, 0 hits, 0 errors, 2 left on base; Hudson Valley 14 - Minnesota (NYP) 1 |
BOTTOM OF THE 9TH |
Minnesota (NYP) Twins batting - Pitching for Hudson Valley Renegades : RHP Takamori Sugahara
|
Batting: RHB Tony Crespo
|
0-0: Ball 1-0: Ground out 5-3 (Groundball, 56S, EV 81.3 MPH)
|
Batting: RHB Miguel Diaz
|
0-0: Foul Ball, location: 2F 0-1: Foul Ball, location: 2F 0-2: Strikes out looking
|
Batting: RHB Sean Gould
|
0-0: Foul Ball, location: 2F 0-1: Ball 1-1: Ball 2-1: Ground out 6-3 (Groundball, 6, EV 110.0 MPH)
|
Bottom of the 9th over - 0 runs, 0 hits, 0 errors, 0 left on base; Hudson Valley 14 - Minnesota (NYP) 1 |
|